AoeStats
← Wujek Madona

Arabia

509955238Analyzed
3v3 RM · 4d ago on Sep 28, 2026· 54m 10s· 6 players
Game mode
Random Map
Map size
Normal (6 player)
Population
200
Speed
Normal
Resources
Standard
Victory
Conquest
Starting age
Dark Age
Ending age
Imperial Age
RankedLock teamsTeams togetherTeam positionsShared explorationLock speedFull tech treeHidden civsTurbo modeCheats
Victory
Defeat
🇵🇱 Spanish · Poland
917
+15
🇮🇳 Koreans · India
889
+32
🇹🇷 Britons · Türkiye
873
+17
🇩🇪 Saxons · Germany
968
-19
🇩🇪 Persians · Germany
958
-19
🇩🇪 Huns · Germany
748
-10
Mogami
4:48 Loom
11:45 Feudal Age
12:34 Double-Bit Axe
12:43 Horse Collar
20:36 Castle Age
19:08 Scale Barding Armor
21:39 Chain Barding Armor
25:24 Forging
26:15 Wheelbarrow
26:50 Gold Mining
27:34 Husbandry
28:04 Bow Saw
27:49 Town Watch
28:06 Fletching
28:35 Stone Mining
32:19 Iron Casting
35:58 Hand Cart
36:31 Bodkin Arrow
41:07 Imperial Age
39:45 Stone Shaft Mining
39:46 Gold Shaft Mining
40:05 Ballistics
40:45 Thumb Ring
40:49 Treadmill Crane
41:51 Bracer
42:53 Chemistry
41:24 Cavalier
43:06 Elite War Wagon
45:26 Two-Man Saw
45:41 Heavy Plow
46:11 Masonry
46:13 Fortified Wall
52:37 Architecture
54:33 Conscription
killiomer07
10:02 Feudal Age
12:54 Double-Bit Axe
21:19 Castle Age
19:07 Horse Collar
22:30 Bow Saw
22:40 Crossbowman
25:47 Padded Archer Armor
25:40 Fletching
25:50 Padded Archer Armor
29:18 Wheelbarrow
28:58 Heavy Plow
31:07 Bodkin Arrow
31:28 Leather Archer Armor
32:29 Hand Cart
34:04 Stone Mining
34:07 Gold Mining
35:18 Town Watch
38:50 Imperial Age
36:47 Ballistics
38:27 Gold Shaft Mining
38:18 Yeomen
39:12 Arbalester
40:23 Bracer
40:54 Ring Archer Armor
42:44 Chemistry
Wujek Madona
8:20 Loom
12:39 Feudal Age
14:17 Wheelbarrow
24:14 Castle Age
22:45 Padded Archer Armor
22:56 Forging
22:53 Scale Barding Armor
35:27 Horse Collar
35:52 Double-Bit Axe
37:21 Bow Saw
37:55 Bloodlines
38:57 Heavy Plow
38:49 Gold Mining
41:24 Hand Cart
42:37 Town Watch
43:09 Caravan
44:14 Stone Mining
45:58 Husbandry
45:58 Murder Holes
46:24 Ballistics
48:42 Imperial Age
47:18 Murder Holes
47:44 Ballistics
46:55 Elite Skirmisher
50:30 Chemistry
53:59 Two-Man Saw
badbob
7:08 Loom
9:49 Feudal Age
11:17 Double-Bit Axe
15:00 Fletching
20:03 Castle Age
19:25 Padded Archer Armor
20:10 Horse Collar
20:09 Crossbowman
22:22 Bow Saw
23:06 Bodkin Arrow
26:52 Leather Archer Armor
28:21 Heavy Plow
29:08 Gold Mining
30:43 Thumb Ring
35:43 Imperial Age
33:49 Wheelbarrow
33:00 Town Watch
35:42 Ballistics
35:40 Leather Archer Armor
35:59 Arbalester
36:57 Bracer
38:12 Murder Holes
39:05 Stone Mining
39:52 Gold Shaft Mining
40:19 Two-Man Saw
40:55 Chemistry
41:32 Hand Cart
41:17 Town Patrol
42:01 Conscription
42:13 Ring Archer Armor
41:51 Squires
41:36 Gambesons
41:12 Pikeman
41:41 Arson
41:16 Man-at-Arms
43:00 Guilds
42:51 Caravan
43:22 Coinage
43:43 Gold Shaft Mining
43:39 Siege Engineers
43:16 Treadmill Crane
43:40 Shield Wall
44:33 Fortified Wall
45:27 Crop Rotation
45:53 Scale Mail Armor
46:04 Forging
45:41 Elite Varangian Guard
47:13 Chain Mail Armor
46:30 Elite Hearth Troop
48:50 Plate Mail Armor
48:56 Iron Casting
49:32 Hoardings
Danny
2:49 Loom
11:21 Feudal Age
16:55 Castle Age
14:59 Double-Bit Axe
16:03 Horse Collar
22:45 Gold Mining
26:15 Scale Barding Armor
28:11 Stone Mining
30:21 Elite Skirmisher
36:35 Forging
36:26 Padded Archer Armor
37:54 Wheelbarrow
37:18 Pikeman
38:41 Bow Saw
39:08 Gold Shaft Mining
42:06 Imperial Age
40:37 Squires
40:41 Husbandry
42:42 Iron Casting
41:57 Fletching
42:22 Leather Archer Armor
42:37 Heavy Plow
43:37 Bloodlines
48:15 Ring Archer Armor
47:41 Bodkin Arrow
SenorTinney
11:37 Feudal Age
11:06 Loom
15:01 Double-Bit Axe
16:27 Bloodlines
18:14 Horse Collar
18:59 Scale Barding Armor
27:02 Castle Age
28:04 Wheelbarrow
28:14 Husbandry
28:51 Light Cavalry
31:18 Bow Saw
32:48 Heavy Plow
35:12 Stone Mining
35:13 Gold Mining
37:14 Chain Barding Armor
37:13 Scale Mail Armor
40:34 Gold Shaft Mining
43:24 Thumb Ring
46:17 Padded Archer Armor
46:08 Fletching
46:34 Chain Mail Armor
46:30 Forging
46:37 Masonry
46:50 Ballistics
53:36 Imperial Age
54:04 Elite Tarkan
Connection lost

Rejoining the realm…

Still unreachable

The connection could not be restored.

Session expired

The server has moved on; the page needs a fresh start.